 Dungeon Crawl Stone Soup version 0.29-a0-555-g3b24f45cc1 (webtiles) character file.

Game seed: 9300360027001892107

5 flotson the Sneak (level 1, -2/18 HPs)
             Began as a Demonspawn Delver on June 8, 2022.
             Slain by a rat (3 damage)
             ... on level 2 of the Dungeon.
             The game lasted 00:01:20 (436 turns).

flotson the Sneak (Demonspawn Delver)                Turns: 436, Time: 00:01:21

Health: -2/18      AC:  3    Str: 12    XL:     1   Next: 66%
Magic:  1/1        EV: 11    Int: 11    God:
Gold:   11         SH:  0    Dex: 14    Spells: 0/0 levels left

rFire   . . .      SeeInvis .   a - +0 spear
rCold   . . .      Faith    .   (no shield)
rNeg    . . .      Spirit   .   b - +0 leather armour
rPois   .          Reflect  .   (no helmet)
rElec   .          Harm     .   (no cloak)
rCorr   .          Rampage  .   (no gloves)
Will    .....                   (no boots)
Stlth   +++.......              (no amulet)
HPRegen 0.06/turn               (no ring)
MPRegen 0.07/turn               (no ring)

@: lethally poisoned (-2 -> -13)
A: no striking features
a: no special abilities


You were on level 2 of the Dungeon.
You visited 1 branch of the dungeon, and saw 4 of its levels.

You collected 11 gold pieces.

Inventory:

Hand Weapons
 a - a +0 spear (weapon)
Armour
 b - a +0 leather armour (worn)
Wands
 g - a wand of digging (3)
Scrolls
 c - a scroll of fog


   Skills:
 + Level 3.1 Fighting
 + Level 1.9 Polearms
 + Level 1.9 Dodging
 + Level 4.6 Stealth


You couldn't memorise any spells.
You didn't know any spells.
Your spell library was empty.

Dungeon Overview and Level Annotations

Branches:
Dungeon (5/15)
 Temple: D:4-7

Altars:
Qazlal

Shops:
D:5 ?

Annotations:
D:4 Eustachio


Message History

The adder attacks as you move away! The adder bites you but does no damage.
The bat barely misses you. The bat attacks as you move away!
The bat barely misses you.
A rat comes into view.
The bat closely misses you.
You reach to attack!
You closely miss the adder. The bat closely misses you.
The helpless rat fails to defend itself.
You hit the rat.
The rat is moderately wounded.
The adder barely misses you. The rat barely misses you.
You hit the adder.
The adder is lightly wounded.
The adder bites you but does no damage. The rat bites you but does no damage.
You closely miss the adder.
The adder is lightly wounded.
The adder barely misses you. The adder bites you.
You are poisoned.
The adder poisons you! The rat barely misses you.
You hit the adder but do no damage.
The adder is lightly wounded.
You feel sick. The adder bites you but does no damage.
The rat barely misses you.
You barely miss the adder.
The adder is lightly wounded.
You feel sick. The adder bites you.
You are more poisoned.
The adder poisons you! The rat bites you.
You hit the adder.
The adder is heavily wounded.
* * * LOW HITPOINT WARNING * * *
You feel sick. The adder bites you but does no damage.
The rat barely misses you. The adder barely misses you.
You hit the adder.
The adder is almost dead.
* * * LOW HITPOINT WARNING * * *
You feel sick. The adder bites you.
* * * LOW HITPOINT WARNING * * *
You are more poisoned.
The adder poisons you! The rat bites you.
You die...

#########
#bS@r...#
#.#####.# ##.#
#.b##
#.#..####.#.#
#.###.>..w....
#.#
#..S...(#.#
..# #S#.######
#.. #.##.#


You could see an adder, a bat and a rat.

Vanquished Creatures
  An ufetubus (D:5)
1 creature vanquished.

Vanquished Creatures (others)
  16 plants (D:5)
16 creatures vanquished.

Grand Total: 17 creatures vanquished

Notes
Turn   | Place    | Note
-------+----------+-------------------------------------------
     0 | D:5      | flotson the Demonspawn Delver began the quest for the Orb.
     0 | D:5      | Reached XP level 1. HP: 18/18 MP: 1/1
    48 | D:5      | Found Enlol's Magic Scroll Shoppe.
   354 | D:5      | Noticed a scorpion
   374 | D:4      | Noticed Eustachio
   374 | D:4      | Noticed a scorpion
   395 | D:3      | Noticed an iguana
   409 | D:3      | Found a stormy altar of Qazlal.
   436 | D:2      | Slain by a rat

Illustrated notes

Levels and vault maps discovered:
D:2:      layout_basic, nrook_mini_backslash, minmay_tripent, uniq_sigmund
D:3:      minmay_razor_zed, layout_basic, mainiacjoe_overflow_alcove_2,
          uniq_grinder
D:4:      layout_cave_pools, uniq_pikel, uniq_eustachio, uniq_ijyb,
          uniq_crazy_yiuf_cottage
D:5:      layout_loops_ring, serial_shops, nicolae_shop_statue_plus,
          serial_bayou_pond_c, uniq_prince_ribbit1

Action                   || total
-------------------------++-------
Melee: Spear             ||    17
  Use: Scroll            ||     3
       Potion            ||     1
 Stab: Sleeping          ||     1
Armor: Leather armour    ||    14
Dodge: Dodged            ||    43

Table legend: (Time is in decaauts)
 A = Elapsed time spent in this place.
 B = Non-inter-level travel time spent in this place.
 C = Inter-level travel time spent in this place.
 D = Time resting spent in this place.
 E = Time spent auto-exploring this place.
 F = Levels seen in this place.
 G = Mean time per level.
                   A        B        C        D        E       F      G
               +--------+--------+--------+--------+--------+-----+--------+
         Total |    419 |    419 |      0 |      0 |    338 |   4 |  104.8 |
       Dungeon |    419 |    419 |      0 |      0 |    338 |   4 |  104.8 |
               +--------+--------+--------+--------+--------+-----+--------+

Top non-repeatable levels by time:
     D:5: 370 daAuts
     D:3: 21 daAuts
     D:4: 13 daAuts
     D:2: 13 daAuts
